 Dungeon Crawl Stone Soup version 0.17.2 (webtiles) character file.

26 ololoev the Slasher (level 2, 0/24 HPs)
             Began as a Mummy Chaos Knight on June 28, 2016.
             Slain by a gnoll
             ... wielding a +0 flail
              (3 damage)
             ... on level 1 of the Dungeon.
             The game lasted 00:00:55 (544 turns).

ololoev the Slasher (Mummy Chaos Knight)             Turns: 544, Time: 00:00:55

Health: 0/24       AC:  6    Str: 15    XL:     2   Next: 89%
Magic:  2/2        EV: 11    Int: 11    God:    Xom [..*...]
Gold:   50         SH:  0    Dex: 11    Spells: 0 memorised, 1 level left

rFire  x . .     SeeInvis .     a - +0 falchion (chaos)
rCold  + . .     Clarity  .     b - +2 leather armour
rNeg   + + +     SustAt   .     (no shield)
rPois  ∞         Gourm    .     c - +0 helmet
rElec  .         Spirit   .     (no cloak)
rCorr  .         Warding  .     (no gloves)
rMut   .         Stasis   .     (no boots)
MR     .....                    (no amulet)
Stlth  +.........               (no ring)
                                (no ring)

@: not resistant to hostile enchantments, very unstealthy
A: no food or potions, fire vulnerability, cold resistance 1, negative energy
resistance 3, torment resistance, unbreathing
a: Renounce Religion


Innate Abilities, Weirdness & Mutations

You do not eat or drink.
Your flesh is vulnerable to fire.
You are immune to poison.
Your flesh is cold resistant.
You are immune to negative energy.
You are immune to unholy pain and torment.
You can survive without breathing.

Inventory:

Hand Weapons
 a - a +0 falchion of chaos (weapon)
Armour
 b - a +2 leather armour (worn)
 c - a +0 helmet (worn)
 f - a cursed +0 chain mail
Scrolls
 d - a scroll of fog {unknown}
 e - a scroll of magic mapping {unknown}
 g - a scroll of teleportation {unknown}
 h - 4 scrolls of remove curse {unknown}


   Skills:
 - Level 3.0 Fighting
 * Level 3.2 Long Blades
 + Level 1.9 Armour
 - Level 0.7 Dodging


You had one spell level left.
You didn't know any spells.


You were on level 1 of the Dungeon.
You worshipped Xom.
You were a toy of Xom.
You were not hungry.

You visited 1 branch of the dungeon, and saw 2 of its levels.

You collected 50 gold pieces.

############
###############..........#
#.........@g.##.########.#
#.##########.##.# #.# #.#
#.......##.# #.# #.#
#.#####.##.# #.# #.# #.#
#..#.########.## #.# #.#
#............#.. #.# #.#
#....##.#####.##
#.####.#####.#..##.####...#
#....#.......#.............

Notes
Turn   | Place    | Note
--------------------------------------------------------------
     0 | D:1      | ololoev the Mummy Chaos Knight began the quest for the Orb.
     0 | D:1      | Reached XP level 1. HP: 18/18 MP: 1/1
     6 | D:1      | XOM: silly message
    31 | D:1      | XOM: divination: magic mapping
   103 | D:1      | Reached XP level 2. HP: 24/24 MP: 2/2
   286 | D:1      | XOM: divination: detect items
   544 | D:1      | Slain by a gnoll

Dungeon Overview and Level Annotations

Branches:
Dungeon (2/15)

Altars:


Message History

No target in view!
You see here a slice of pizza.
Key pressed, stopping explore.
You see here 16 stones.
Done exploring.
Done exploring.
Done exploring.
(D) Dungeon
Where to? (? - help)
There is a stone staircase leading down here.
You climb downwards. 4 gnolls and a kobold come into view.
The kobold shouts!
The gnoll shouts!
The gnoll shouts!
There is a stone staircase leading up here.
The gnoll shouts!
The gnoll throws a throwing net.
The throwing net misses you.
You climb upwards.
There is a stone staircase leading down here.
You barely miss the gnoll. The gnoll hits you with a flail!
You closely miss the gnoll. The gnoll closely misses you.
You hit the gnoll.
The gnoll is moderately wounded.
The gnoll hits you with a flail.
You barely miss the gnoll.
The gnoll is moderately wounded.
The gnoll hits you with a flail.
You barely miss the gnoll.
The gnoll is moderately wounded.
The gnoll hits you with a flail.
You barely miss the gnoll.
The gnoll is moderately wounded.
The gnoll barely misses you.
You hit the gnoll. You burn the gnoll.
The gnoll is heavily wounded.
The gnoll hits you but does no damage.
You closely miss the gnoll.
The gnoll is heavily wounded.
The gnoll hits you with a flail.
You die...
Xom yawns loudly!

You could see a gnoll.

Vanquished Creatures
  2 oozes (D:1)
  A giant gecko (D:1)
  A giant cockroach (D:1)
  2 goblins (D:1)
  5 hobgoblins (D:1)
  A ball python (D:1)
  3 bats (D:1)
  A rat (D:1)
16 creatures vanquished.

Action                   || total
-------------------------++-------
Melee: Falchion          ||    58

Vault maps used:
D:1:      dpeg_arrival_more_subterranean_lakeside_camping
